 Dungeon Crawl Stone Soup version 0.20.0-8-g6b59dc7 (webtiles) character file.

2921 Kriby the Cleaver (level 9, -8/85 HPs)
             Began as a Minotaur Berserker on May 30, 2017.
             Was a High Priest of Trog.
             Mangled by an orc wizard
             ... wielding a +1 dagger of electrocution
              (14 damage)
             ... on level 7 of the Dungeon.
             The game lasted 00:05:10 (6601 turns).

Kriby the Cleaver (Minotaur Berserker)              Turns: 6601, Time: 00:05:11

Health: -8/85      AC: 10    Str: 30    XL:     9   Next: 50%
Magic:  8/8        EV: 17    Int:  4    God:    Trog [*****.]
Gold:   480        SH:  0    Dex: 15    Spells: 8/8 levels left

rFire    . . .     SeeInvis .   z - +1 whip (elec)
rCold    . . .     Gourm    .   (no shield)
rNeg     . . .     Faith    .   C - +0 ring mail (curse)
rPois    +         Spirit   .   (helmet unavailable)
rElec    .         Reflect  .   k - +2 cloak {rPois}
rCorr    .         Harm     .   (no gloves)
MR       .....                  (no boots)
Stlth    ++........             (no amulet)
Regen    0.3/turn               h - ring of flight
MPRegen  0.2/turn               (no ring)

@: mighty, agile, hasted, very quick
A: retaliatory headbutt, horns 3, yellow scales 1
a: Berserk, Trog's Hand, Brothers in Arms, Burn Spellbooks, Renounce Religion,
Evoke Flight


You were on level 7 of the Dungeon.
You worshipped Trog.
Trog was extremely pleased with you.
You were not hungry.

You visited 1 branch of the dungeon, and saw 8 of its levels.
You also visited: Ossuary.

You collected 480 gold pieces.

Inventory:

Hand Weapons
 a - a +0 hand axe
 b - the +6 great sword "Vudghy" {drain, rF++}
   (You found it on level 5 of the Dungeon)

   A truly terrible weapon, it drains the life of those it strikes.
   It greatly protects you from fire.
 n - a +0 scythe
 x - a +1 hand axe of freezing
 z - a +1 whip of electrocution (weapon)
Missiles
 A - 4 tomahawks (quivered)
Armour
 k - a +2 cloak of poison resistance (worn)
 t - a +0 hat
 C - a cursed +0 ring mail (worn)
Jewellery
 h - a ring of flight (left hand)
Wands
 y - a wand of iceblast (6/15)
Scrolls
 f - 11 scrolls of identify {unknown}
 p - 2 scrolls of recharging {unknown}
 r - 2 scrolls of teleportation {unknown}
 s - a scroll of random uselessness {unknown}
 u - 5 scrolls of remove curse {unknown}
 v - a scroll of magic mapping {unknown}
 w - a scroll of enchant armour {unknown}
 D - a scroll of fear {unknown}
 I - a scroll of blinking {unknown}
Potions
 d - a potion of ambrosia {unknown}
 e - 2 potions of might
 g - 2 potions of curing {unknown}
 i - 3 potions of agility
 j - 2 potions of flight {unknown}
 m - a potion of magic {unknown}
 o - a potion of degeneration {unknown}
 q - 2 potions of haste
 B - 3 potions of lignification {unknown}
 E - 2 potions of resistance {unknown}
 F - 2 potions of cancellation {unknown}
 G - 2 potions of mutation {unknown}
 H - a potion of invisibility {unknown}
Comestibles
 c - 5 bread rations
 l - 4 meat rations
 J - a chunk of flesh


   Skills:
 + Level 9.8 Fighting
 * Level 12.9 Axes
 - Level 2.4 Armour
 - Level 2.1 Dodging


You had 8 spell levels left.
You didn't know any spells.

Dungeon Overview and Level Annotations

Branches:
Dungeon (8/15)             Temple (0/1) D:4
   Lair: D:8-11

Altars:
Dithmenos
Fedhas
Gozag
Okawaru
Uskayaw
Vehumet
Yredelemnul
The Shining One
Lugonu

Annotations:
D:7 1 transporter


Innate Abilities, Weirdness & Mutations

You reflexively headbutt those who attack you in melee.
You have a pair of large horns on your head.
You are partially covered in yellow scales. (AC +2)


Message History

You hear some strange, mumbled words.
Something tries to affect you, but you resist.
The orc barely misses you.
You feel less confused.
You whack something! Something hits you but does no damage.
You miss something. Something hits you but does no damage.
You are electrocuted!
* * * LOW HITPOINT WARNING * * *
You closely miss something.
You hear some strange, mumbled words.
Something tries to affect you, but you resist.
It was a potion of agility.
You feel agile all of a sudden. Something barely misses you.
It was a potion of might.
You feel very mighty all of a sudden. Something barely misses you.
It was a potion of haste.
You feel yourself speed up. Something hits you but does no damage.
You are electrocuted!
You die...

.....###......#.............#
#..
......#....####...##..>######
.. ....#..)##..# #...##...# .
....#######.###...######
##### #..##...# ##.###.##
#..##.# ##.##.# ###..#@#
#?...#{# ####.##..o# #..<$
#.%.# ##.#..##..>#
........[### #.....)..#
#.<.?....# #....$...#


You could see an orc.

Vanquished Creatures
  The ghost of darksquall the Schismatic, an amateur DsAK of Lugonu (Ossuary)
  A hippogriff (D:7)
  Sigmund (D:2)
  3 phantoms
  An orc warrior (D:8)
  The ghost of Serafim the Shield-Bearer, an amateur MiFi (D:3)
  An ice beast (D:8)
  2 sky beasts
  3 ogres
  A centaur (D:5)
  2 bullfrogs (D:7)
  4 killer bees (D:5)
  3 wights (D:7)
  An orc priest (D:7)
  A centaur skeleton (D:5)
  Crazy Yiuf (D:2)
  A bullfrog skeleton (D:4)
  2 hounds (D:5)
  5 orc wizards
  4 iguanas
  3 worker ants
  A big kobold zombie (Ossuary)
  8 mummies (Ossuary)
  Robin (D:2)
  10 adders
  7 gnolls
  An ooze (D:3)
  An adder skeleton (D:4)
  2 worms
  2 leopard geckos
  15 orcs
  3 bats
  8 giant cockroaches
  A gnoll zombie (Ossuary)
  9 goblins
  14 hobgoblins
  10 jackals
  A quokka (D:5)
  6 frilled lizards
  2 hobgoblin zombies
  A jackal zombie (D:7)
  6 kobolds
  4 kobold zombies (Ossuary)
  A leopard gecko skeleton (D:4)
  A leopard gecko zombie (D:5)
  An orc zombie (Ossuary)
  4 rats
  A butterfly (D:4)
163 creatures vanquished.

Notes
Turn   | Place    | Note
-------+----------+-------------------------------------------
     0 | D:1      | Kriby the Minotaur Berserker began the quest for the Orb.
     0 | D:1      | Reached XP level 1. HP: 19/19 MP: 0/0
    74 | D:1      | Reached skill level 4 in Axes
   138 | D:1      | Reached XP level 2. HP: 27/27 MP: 1/1
   824 | D:2      | Reached XP level 3. HP: 31/33 MP: 2/2
   958 | D:2      | Reached skill level 5 in Axes
  1059 | D:2      | Reached ** piety under Trog
  1311 | D:2      | Noticed Robin
  1317 | D:2      | Reached XP level 4. HP: 24/41 MP: 3/3
  1321 | D:2      | Killed Robin
  1675 | D:2      | Found a runed door.
  1713 | D:2      | Noticed Sigmund
  1733 | D:2      | Killed Sigmund
  1733 | D:2      | Reached skill level 5 in Fighting
  1733 | D:2      | Reached skill level 6 in Axes
  1733 | D:2      | Reached XP level 5. HP: 32/48 MP: 4/4
  1942 | D:2      | Noticed Crazy Yiuf
  1945 | D:2      | Killed Crazy Yiuf
  1945 | D:2      | Reached skill level 7 in Axes
  1945 | D:2      | Reached XP level 6. HP: 35/56 MP: 5/5
  2145 | D:3      | Noticed Serafim's ghost (amateur MiFi)
  2152 | D:3      | Killed Serafim's ghost
  2446 | D:3      | Found an opulent altar of Gozag.
  2469 | D:3      | Reached skill level 8 in Axes
  2472 | D:3      | Reached XP level 7. HP: 56/64 MP: 6/6
  2474 | D:3      | Reached *** piety under Trog
  3116 | D:4      | Found a staircase to the Ecumenical Temple.
  3287 | D:4      | Reached skill level 9 in Axes
  3298 | D:4      | Identified Okub's Almanac of Transmigration and Arcane Weapons
  3512 | D:4      | Found a basalt altar of Yredelemnul.
  3512 | D:4      | Found an iron altar of Okawaru.
  3513 | D:4      | Found a glowing golden altar of the Shining One.
  3516 | D:4      | Found a blossoming altar of Fedhas.
  3679 | D:4      | Found a radiant altar of Vehumet.
  3749 | D:5      | Entered Level 5 of the Dungeon
  3878 | D:5      | Reached XP level 8. HP: 73/73 MP: 7/7
  3880 | D:5      | Reached skill level 10 in Axes
  4215 | D:5      | Got a dazzling great sword
  4216 | D:5      | Identified the +6 great sword "Vudghy" {drain, rF++} (You found it on level 5 of the Dungeon)
  4654 | D:5      | Reached **** piety under Trog
  4798 | D:5      | Reached skill level 11 in Axes
  4823 | D:5      | Gained mutation: You evolve. [mutagenic meat]
  4824 | D:5      | Gained mutation: You have a pair of large horns on your head. [mutagenic meat]
  5294 | D:6      | You fall through a shaft for 2 floors!
  5610 | D:7      | Found a hide-covered altar of Uskayaw.
  5630 | D:7      | Found a transporter.
  5638 | D:7      | Found a corrupted altar of Lugonu.
  5654 | D:7      | Found a sand-covered staircase.
  5668 | D:7      | Reached XP level 9. HP: 66/83 MP: 8/8
  5670 | Ossuary  | Entered an ossuary
  5680 | Ossuary  | Lost mutation: You evolve. [evolution]
  5782 | Ossuary  | Noticed darksquall's ghost (amateur DsAK)
  5791 | Ossuary  | Killed darksquall's ghost
  5791 | Ossuary  | Reached skill level 12 in Axes
  6209 | D:7      | Found a shadowy altar of Dithmenos.
  6221 | D:7      | Reached ***** piety under Trog
  6380 | D:7      | Gained mutation: You are partially covered in yellow scales. (AC +2) [mutagenic meat]
  6601 | D:7      | Mangled by an orc wizard

Skill      XL: |  1  2  3  4  5  6  7  8  9 |
---------------+----------------------------+-----
Axes           | 4 5 6 7 8 9 11 12 | 12.9
Fighting       | 4 5 6 7 9 |  9.8
Armour         | |  2.4
Dodging        | |  2.1

Action                   |  1- 3 |  4- 6 |  7- 9 || total
-------------------------+-------+-------+-------++-------
Melee: Hand axe          |    71 |    21 |       ||    92
       Headbutt          |     6 |     7 |    40 ||    53
       Scythe            |       |    31 |    41 ||    72
       Whip              |       |       |   207 ||   207
       Great sword       |       |       |     9 ||     9
Invok: Berserk           |       |     1 |     4 ||     5
       Burn Spellbooks   |       |       |     2 ||     2
  Use: Potion            |       |       |     3 ||     3
 Stab: Sleeping          |       |     1 |     1 ||     2
  Eat: Chunk             |     1 |     5 |    20 ||    26
Armor: Animal skin       |    16 |    10 |    10 ||    36
       Ring mail         |       |       |    60 ||    60
Dodge: Dodged            |    45 |    39 |   115 ||   199
       Rpst.: Great sword |       |       |     2 ||     2
